 Dungeon Crawl Stone Soup version 0.17.0-7-gfadd4cc (webtiles) character file.

108 HungrySpirit the Cudgeler (level 4, -2/42 HPs)
             Began as an Ogre Arcane Marksman on Nov 8, 2015.
             Slain by a giant frog skeleton (6 damage)
             ... on level 2 of the Dungeon.
             The game lasted 00:04:54 (3615 turns).

HungrySpirit the Cudgeler (Ogre Arcane Marksman)    Turns: 3615, Time: 00:04:54

Health: -2/42      AC:  3    Str: 17    XL:     4   Next: 87%
Magic:  5/5        EV: 10    Int: 12    God:
Gold:   60         SH:  0    Dex:  9    Spells: 1 memorised, 4 levels left

rFire  . . .     SeeInvis .     f - +0 club
rCold  . . .     Clarity  .     c - +0 robe
rNeg   . . .     SustAt   .     (no shield)
rPois  .         Gourm    .     (helmet restricted)
rElec  .         Spirit   .     (no cloak)
rCorr  .         Warding  .     (gloves unavailable)
rMut   .         Stasis   .     (boots unavailable)
MR     .....                    (no amulet)
Stlth  +.........               (no ring)
                                (no ring)

@: not resistant to hostile enchantments, very unstealthy
A: unfitting armour, tough skin 1
a: no special abilities


You were on level 2 of the Dungeon.
You were not hungry.

You visited 1 branch of the dungeon, and saw 2 of its levels.

You collected 60 gold pieces.

Inventory:

Hand Weapons
 f - a +0 club (weapon)
 t - a +1 short sword of holy wrath
Missiles
 a - 2 large rocks (quivered)
 p - 2 throwing nets
Armour
 c - a +0 robe (worn)
Scrolls
 i - 3 scrolls of enchant armour {unknown}
 j - a scroll of identify {unknown}
 l - 2 scrolls of teleportation {unknown}
 m - a scroll of immolation {unknown}
 n - a scroll of noise {unknown}
 q - a scroll of enchant weapon {unknown}
Potions
 h - 2 potions of brilliance
 k - 2 potions of lignification {unknown}
 o - 2 potions of might {unknown}
 r - a potion of cure mutation {unknown}
 s - a potion of curing
Books
 d - a book of Debilitation

   Spells                             Type                      Level
   a - Corona                         Hexes                        1
   b - Slow                           Hexes                        2
   c - Gell's Gravitas                Hexes/Translocation          3
   d - Inner Flame                    Hexes/Fire                   3
   e - Cause Fear                     Hexes                        4
   f - Leda's Liquefaction            Hexes/Earth                  4
Comestibles
 b - a slice of pizza
 e - 5 bread rations
 g - a meat ration


   Skills:
 - Level 2.0 Fighting
 * Level 5.4 Maces & Flails
 - Level 2.0 Throwing
 - Level 1.7 Dodging
 - Level 1.2 Spellcasting
 - Level 2.1 Hexes


You had 4 spell levels left.
You knew the following spells:

 Your Spells              Type           Power        Failure   Level  Hunger
a - Corona                Hex            #......      14%         1    ##.....


Dungeon Overview and Level Annotations

Branches:
Dungeon (2/15)

Altars:


Innate Abilities, Weirdness & Mutations

You are too large for most types of armour.
You have tough skin (AC +1).


Message History

You hit the giant frog skeleton.
The giant frog skeleton closely misses you.
You hit the giant frog skeleton. The giant frog skeleton hits you.
You hit the giant frog skeleton. The giant frog skeleton hits you.
The giant frog skeleton closely misses you.
You hit the giant frog skeleton.
The giant frog skeleton barely misses you.
You barely miss the giant frog skeleton.
The giant frog skeleton hits you but does no damage.
You hit the giant frog skeleton. The giant frog skeleton hits you.
* * * LOW HITPOINT WARNING * * *
The giant frog skeleton hits you but does no damage.
You hit the giant frog skeleton.
The giant frog skeleton barely misses you.
You hit the giant frog skeleton but do no damage.
The giant frog skeleton barely misses you.
You hit the giant frog skeleton. The giant frog skeleton hits you.
* * * LOW HITPOINT WARNING * * *
The giant frog skeleton hits you.
You die...

####.#.###..............# #
#.#.## #...†..........# # ##.#.#
#..............#
###.#.####.............##
...####....#..........## ...#
#....#...#.#.....##
...####.........w...>...#########
...........#.###Z#..............#
.......#..##....@...###≈..≈###..#
.[.#...<...####.#..#...#≈≈#...#.#
......####.# #.##.#.⌠.#≈≈#.⌠.#.#
.....#####.####.#..#...#≈≈#...#.#
....................###≈≈≈≈###..#
....#######......#....≈≈≈≈≈≈....#
....# ####........≈≈≈≈≈≈....#
...## #......###≈≈≈≈###..# ....#
#.....#...#≈≈#...#.#


You could see a worm and a giant frog skeleton.

Vanquished Creatures
  5 adders (D:2)
  5 giant geckos
  3 giant cockroaches
  10 hobgoblins
  A quokka (D:1)
  7 bats
  6 giant newts
  8 goblins
  3 jackals (D:2)
  4 kobolds
  9 rats
61 creatures vanquished.

Notes
Turn   | Place    | Note
--------------------------------------------------------------
     0 | D:1      | HungrySpirit the Ogre Arcane Marksman began the quest for the Orb.
     0 | D:1      | Reached XP level 1. HP: 19/19 MP: 2/2
   406 | D:1      | Reached skill level 1 in Maces & Flails
   647 | D:1      | Reached XP level 2. HP: 5/28 MP: 3/3
  1655 | D:1      | Reached XP level 3. HP: 25/35 MP: 4/4
  1852 | D:1      | Reached skill level 3 in Maces & Flails
  2475 | D:2      | Reached skill level 4 in Maces & Flails
  2498 | D:2      | Reached XP level 4. HP: 15/42 MP: 5/5
  3091 | D:2      | Reached skill level 5 in Maces & Flails
  3615 | D:2      | Slain by a giant frog skeleton

Action                   |  1- 3 |  4- 6 || total
-------------------------+-------+-------++-------
Melee: Club              |   158 |   121 ||   279
       Unarmed           |    24 |       ||    24
Throw: Large rock        |    11 |     7 ||    18
       Throwing net      |     2 |     3 ||     5
  Use: Potion            |     3 |       ||     3
  Eat: Chunk             |     5 |     4 ||     9
